[Event "Team 45 45 League T75"]
[Site "Internet Chess Club"]
[Date "2018.01.11"]
[Round "4"]
[White "mongmong"]
[Black "Newbao"]
[Result "1/2-1/2"]
[WhiteElo "1429"]
[BlackElo "1390"]
[Opening "Grünfeld: 5.e3"]
[ECO "D94"]
[Time "23:33:22"]
[TimeControl "2700+45"]

1. d4 Nf6 2. Nf3 g6 3. c4 d5 4. Nc3 Bg7 5. e3 c6 6. Qb3 O-O 7. Be2 dxc4 8. Bxc4
Nbd7 9. O-O Nb6 10. Be2 Qc7 11. Bd2 Rd8 12. Rac1 Qd7 13. Rfd1 Qe8 14. Be1 Be6
15. Qc2 Rac8 16. Ng5 Bd7 17. Bf3 h6 18. Nge4 Nxe4 19. Bxe4 Nd5 20. Bxd5 cxd5 21.
b3 b5 22. Qd2 e6 23. Ne2 Rxc1 24. Rxc1 Rc8 25. Rxc8 Qxc8 26. Nc1 Qc7 27. Nd3 Bf8
28. Qc3 Qxc3 29. Bxc3 Kg7 30. b4 f6 31. a3 Bc6 32. Nc1 h5 33. Nb3 Kh6 34. Na5
Bd7 35. Nb7 Bc6 36. Na5 Bd7 37. Nb7 Bc6 38. Na5 Bd7 {Game drawn by repetition}
1/2-1/2

[Event "Team 45 45 League T75"]
[Site "Internet Chess Club"]
[Date "2018.01.11"]
[Round "4"]
[White "creativechesski"]
[Black "Kingofknights"]
[Result "0-1"]
[WhiteElo "1367"]
[BlackElo "1444"]
[Opening "Caro-Kann: advance variation"]
[ECO "B12"]
[Time "19:45:15"]
[TimeControl "2700+45"]

1. e4 c6 2. d4 d5 3. e5 c5 4. c3 Nc6 5. Nf3 e6 6. Be2 cxd4 7. cxd4 Nge7 8. Bg5
Qc7 9. Bxe7 Bxe7 10. O-O O-O 11. Nbd2 Bd7 12. Rc1 Qb6 13. Nb3 Rfc8 14. Qd2 a5
15. Nc5 Bxc5 16. Rxc5 Ne7 17. Rfc1 Rxc5 18. Rxc5 a4 19. Qc2 Bc6 20. Ng5 g6 21.
Qd2 Nf5 22. g4 Ne7 23. Qf4 Rf8 24. Rc2 Qd8 25. Qg3 Kg7 26. Qf3 Nc8 27. Qf6+ Qxf6
28. exf6+ Kg8 29. h4 Nd6 30. Nf3 h6 31. Bd3 Ne4 32. Bxe4 dxe4 33. Ne5 Rc8 34.
Kf1 Bb5+ 35. Nc4 Rxc4 36. Rxc4 Bxc4+ 37. Ke1 Bxa2 38. Kd2 Bd5 39. Ke3 b5 40. Kd2
b4 41. Kc2 Kf8 42. g5 hxg5 43. hxg5 Ke8 44. Kc1 Kd7 45. Kc2 Kc6 46. Kd2 a3 47.
b3 Bxb3 48. Kc1 Kd5 49. Kb1 Kxd4 50. Kc1 Bc4 51. Kc2 b3+ 52. Kb1 Bd3+ 53. Ka1
b2+ 54. Ka2 b1=Q+ 55. Kxa3 Kc4 56. Ka4 Qb4# {White checkmated} 0-1

[Event "Team 45 45 League T75"]
[Site "Internet Chess Club"]
[Date "2018.01.11"]
[Round "4"]
[White "smsxman"]
[Black "leoshi"]
[Result "1-0"]
[WhiteElo "1301"]
[BlackElo "1402"]
[Opening "Four knights: Spanish, classical defense"]
[ECO "C48"]
[Time "20:30:50"]
[TimeControl "2700+45"]

1. e4 e5 2. Nc3 Nf6 3. Nf3 Nc6 4. Bb5 Bc5 5. Bxc6 dxc6 6. Nxe5 Qd4 7. Nd3 Bb6 8.
O-O O-O 9. a4 a5 10. b3 Nxe4 11. Nxe4 Qxe4 12. Ba3 Rd8 13. Re1 Qd4 14. Bb2 Qh4
15. Qe2 Bg4 16. Qe5 Qh6 17. Re4 f5 18. Qe6+ Qxe6 19. Rxe6 Re8 20. Re5 Rxe5 21.
Nxe5 Bh5 22. c4 Rd8 23. Bc3 Bd4 24. Re1 Bxc3 25. dxc3 Rd1 26. Kf1 Rxe1+ 27. Kxe1
Kf8 28. f4 Ke7 29. c5 Ke6 30. g3 g5 31. b4 gxf4 32. gxf4 axb4 33. cxb4 Kd5 34.
Kd2 Ke4 35. Nd3 Kf3 36. a5 Kg2 37. Ne5 Kxh2 38. Nxc6 Kg3 39. Ke3 Bf3 40. Ne7 Kg4
41. Nxf5 Kxf5 42. Kxf3 c6 43. b5 Ke6 44. bxc6 bxc6 45. a6 Kd7 46. a7 Kc7 47.
a8=Q h6 48. Qa7+ Kc8 49. Kg4 Kd8 50. Kh5 Kc8 51. Kxh6 Kd8 52. Kg6 Ke8 53. Qc7
Kf8 54. Qf7# {Black checkmated} 1-0

[Event "Team 45 45 League T75"]
[Site "Internet Chess Club"]
[Date "2018.01.14"]
[Round "4"]
[White "RonaldoR"]
[Black "kabindra"]
[Result "1-0"]
[WhiteElo "1582"]
[BlackElo "1738"]
[Opening "Scotch: Steinitz variation"]
[ECO "C45"]
[Time "17:01:05"]
[TimeControl "2700+45"]

1. e4 e5 2. Nf3 Nc6 3. d4 exd4 4. Nxd4 Qh4 5. Nc3 Bb4 6. Be2 Qxe4 7. Nb5 Ba5 8.
Nxc7+ Kf8 9. Nxa8 Nd4 10. O-O Bxc3 11. bxc3 Nxe2+ 12. Kh1 Nxc1 13. Rxc1 g6 14.
Nc7 b6 15. Re1 {Black resigns} 1-0

[Event "Team 45 45 League T75"]
[Site "Internet Chess Club"]
[Date "2018.01.11"]
[Round "4"]
[White "drsigmund1"]
[Black "liujf"]
[Result "1-0"]
[WhiteElo "1477"]
[BlackElo "1476"]
[Opening "Queen's pawn: London system"]
[ECO "A45"]
[Time "19:31:02"]
[TimeControl "2700+45"]

1. d4 Nf6 2. Bf4 g6 3. Nc3 Bg7 4. e4 d6 5. Qd2 O-O 6. h4 c5 7. d5 Nbd7 8. h5
Nxh5 9. Bh6 Ne5 10. Be2 Bxh6 11. Qxh6 Nf6 12. f3 Kh8 13. g4 Rg8 14. O-O-O Qf8
15. Qe3 a5 16. Nh3 a4 17. a3 b6 18. Rdg1 Ba6 19. Rg2 Bxe2 20. Nxe2 b5 21. Ng5
Rg7 22. Rgh2 b4 23. Rh4 bxa3 24. Qxa3 Qb8 25. Nf4 Qb4 26. Qxb4 cxb4 27. Ne2 a3
28. bxa3 bxa3 29. Kb1 Nc4 30. Ka2 Ne3 31. Nd4 Nc4 32. Nc6 Ne3 33. c3 Nc4 34.
Nxe7 Na5 35. f4 Re8 36. e5 dxe5 37. fxe5 Nd7 38. Rxh7+ Rxh7 39. Rxh7# {Black
checkmated} 1-0

[Event "Team 45 45 League T75"]
[Site "Internet Chess Club"]
[Date "2018.01.12"]
[Round "4"]
[White "Pawnchain"]
[Black "Brazuka"]
[Result "1-0"]
[WhiteElo "1401"]
[BlackElo "1048"]
[Opening "Sicilian: Grand Prix attack"]
[ECO "B23"]
[Time "18:00:21"]
[TimeControl "2700+45"]

1. e4 c5 2. Nc3 Nc6 3. f4 e5 4. d3 Nf6 5. Nf3 d6 6. Be2 Be7 7. fxe5 Nxe5 8. Nxe5
dxe5 9. Be3 O-O 10. Bf3 a6 11. Nd5 b5 12. O-O a5 13. a3 Ra6 14. Qd2 Ng4 15. Bxg4
Bxg4 16. Qf2 Be6 17. Nxe7+ Kh8 18. Bxc5 Re8 19. Nf5 Bxf5 20. Qxf5 Rf6 21. Qh3
Rxf1+ 22. Rxf1 f6 23. Qe3 h6 24. c3 g5 25. Bb6 Qd7 26. Rxf6 Kg7 27. Rf5 {Black
resigns} 1-0

[Event "Team 45 45 League T75"]
[Site "Internet Chess Club"]
[Date "2018.01.13"]
[Round "4"]
[White "Constrictor"]
[Black "az2112"]
[Result "1/2-1/2"]
[WhiteElo "1563"]
[BlackElo "1598"]
[Opening "QGD Slav: exchange variation"]
[ECO "D13"]
[Time "10:04:35"]
[TimeControl "2700+45"]

1. Nf3 Nf6 2. d4 d5 3. c4 c6 4. cxd5 cxd5 5. Nc3 e6 6. Bf4 Bd6 7. Bxd6 Qxd6 8.
Qb3 O-O 9. e3 Nbd7 10. Rc1 Qb6 11. Qxb6 Nxb6 12. Ne5 Bd7 13. Be2 Rac8 14. O-O
{Game drawn by mutual agreement} 1/2-1/2

[Event "Team 45 45 League T75"]
[Site "Internet Chess Club"]
[Date "2018.01.12"]
[Round "4"]
[White "joaoazm"]
[Black "crazyhorses"]
[Result "1-0"]
[WhiteElo "1438"]
[BlackElo "1345"]
[Opening "Réti: King's Indian attack"]
[ECO "A05"]
[Time "13:01:10"]
[TimeControl "2700+45"]

1. Nf3 Nf6 2. g3 g6 3. Bg2 d5 4. c4 d4 5. d3 Bg7 6. O-O O-O 7. Bf4 c5 8. Nbd2
Nc6 9. Ne5 Nxe5 10. Bxe5 Nd7 11. Bxg7 Kxg7 12. Qb3 Rb8 13. Qa3 a5 14. e3 e5 15.
exd4 exd4 16. Ne4 Qc7 17. Bh3 b6 18. Bg2 Ne5 19. f4 Ng4 20. Rfe1 Ne3 21. Re2 Bb7
22. Bh1 Qd7 23. Qb3 Bc6 24. a3 Ba4 25. Qa2 Qg4 26. b4 f5 27. Ng5 Rfe8 28. Bf3
{Black resigns} 1-0

[Event "Team 45 45 League T75"]
[Site "Internet Chess Club"]
[Date "2018.01.14"]
[Round "4"]
[White "oldprez1"]
[Black "seattleblues"]
[Result "0-1"]
[WhiteElo "1249"]
[BlackElo "1376"]
[Opening "English opening"]
[ECO "A17"]
[Time "21:02:09"]
[TimeControl "2700+45"]

1. c4 e6 2. Nc3 Nf6 3. g3 d5 4. cxd5 Nxd5 5. e4 Nxc3 6. bxc3 Be7 7. Nf3 O-O 8.
Bg2 b6 9. O-O Bb7 10. d3 Nc6 11. Be3 Bf6 12. Qd2 Qe7 13. Rab1 Rfd8 14. d4 Qf8
15. Qc2 Rd7 16. e5 Be7 17. Ng5 g6 18. Bh3 Rdd8 19. Ne4 Na5 20. Nf6+ Kh8 21. Qe2
Qg7 22. f4 Bxf6 23. exf6 Qxf6 24. Bg2 Bxg2 25. Kxg2 Qe7 26. Bd2 Nb7 27. Qe5+ f6
28. Qe2 Nd6 29. d5 Re8 30. Rfe1 Qg7 31. dxe6 Re7 32. Qf1 Rae8 33. Rb4 Rxe6 34.
Rxe6 Rxe6 35. c4 Ne4 36. Qe2 c5 37. Rb3 Qb7 38. Kg1 Qc6 39. Be3 Nd6 40. Qg4 f5
41. Qg5 Qe8 42. g4 Rxe3 43. Qf6+ Kg8 44. Qxd6 Re1+ 45. Kg2 Qe2+ 46. Kh3 Qxg4#
{White checkmated} 0-1

[Event "Team 45 45 League T75"]
[Site "Internet Chess Club"]
[Date "2018.01.11"]
[Round "4"]
[White "Conjurer"]
[Black "PsyMar"]
[Result "1-0"]
[WhiteElo "1321"]
[BlackElo "1276"]
[Opening "Queen's pawn"]
[ECO "A40"]
[Time "13:04:07"]
[TimeControl "2700+45"]

1. d4 e6 2. Bf4 Nc6 3. e3 h5 4. h3 g5 5. Bh2 d5 6. Nf3 Bd6 7. c4 Bxh2 8. Nxh2 e5
9. Nc3 dxc4 10. Bxc4 exd4 11. Nd5 Be6 12. e4 Nf6 13. Qf3 Bxd5 14. exd5 Ne5 15.
Qe2 Qd6 16. Bb5+ Nd7 17. Nf3 f6 18. O-O-O O-O-O 19. Nxd4 a6 20. Ba4 Nb6 21. Bb3
Qc5+ 22. Kb1 Nxd5 23. Ne6 Nc3+ 24. bxc3 Rxd1+ 25. Rxd1 Qxc3 26. Qc2 Qxc2+ 27.
Kxc2 b5 28. Nc5 a5 29. Be6+ Kb8 30. Na6+ Kb7 31. Nc5+ Kc6 32. Ne4 Kb6 33. Nxf6
Rh6 34. Nd5+ Kc5 35. Nxc7 Kc6 36. Nxb5 Kxb5 37. Rd5+ Kc6 38. Rxe5 Kd6 39. Rxa5
Rxe6 40. Ra6+ Kd5 41. Rxe6 Kxe6 42. a4 {Black resigns} 1-0

[Event "Team 45 45 League T75"]
[Site "Internet Chess Club"]
[Date "2018.01.16"]
[Round "4"]
[White "dabodhi"]
[Black "g8wrb"]
[Result "1-0"]
[WhiteElo "1317"]
[BlackElo "1372"]
[Opening "French: classical, Steinitz variation"]
[ECO "C14"]
[Time "13:06:32"]
[TimeControl "2700+45"]

1. e4 e6 2. d4 d5 3. Nc3 Nf6 4. Bg5 Be7 5. e5 Nfd7 6. Bxe7 Qxe7 7. f4 a6 8. Nf3
c5 9. dxc5 Nxc5 10. b4 Ne4 11. Nxe4 dxe4 12. Ng5 Qxb4+ 13. Qd2 e3 14. Qxb4
{Black resigns} 1-0

[Event "Team 45 45 League T75"]
[Site "Internet Chess Club"]
[Date "2018.01.12"]
[Round "4"]
[White "Just-Jim"]
[Black "stantheman59"]
[Result "0-1"]
[WhiteElo "1312"]
[BlackElo "1214"]
[Opening "Queen's pawn game"]
[ECO "D02"]
[Time "17:11:35"]
[TimeControl "2700+45"]

1. d4 d5 2. Nf3 Bg4 3. e3 Bxf3 4. Qxf3 Nf6 5. Nc3 e6 6. a3 c6 7. Bd3 a6 8. h3
Bd6 9. Bd2 Nbd7 10. O-O-O b5 11. Na2 a5 12. Bc3 Nb6 13. Qe2 b4 14. axb4 axb4 15.
Nxb4 Bxb4 16. Bxb4 Ra1+ 17. Kd2 Rxd1+ 18. Rxd1 Na4 19. b3 Nb2 20. Rb1 Nxd3 21.
cxd3 Qb6 22. Bc3 O-O 23. Qe1 Rb8 24. Ke2 h6 25. Ba5 Qb5 26. f3 Ra8 27. Bd2 c5
28. dxc5 Qxc5 29. Rc1 Qd6 30. f4 Ra2 31. Kf3 Qa3 32. Rc8+ Kh7 33. Bb4 Qxb3 34.
Bf8 Qxd3 35. Qg1 Nh5 36. Kg4 Nf6+ 37. Kh4 g5+ 38. fxg5 hxg5+ 39. Kxg5 Qf5+ 40.
Kh4 Nh5 41. Rc7 Ra4+ 42. g4 Qf6+ 43. Kxh5 Qe5+ 44. g5 Qxc7 45. g6+ Kg8 46. gxf7+
Kxf8 47. Qg8+ Ke7 48. Qe8+ Kd6 49. f8=Q+ Ke5 50. Qf4+ Rxf4 51. exf4+ Kxf4 52.
Qf8+ Ke5 53. Qh8+ Kd6 54. h4 Qf7+ 55. Kg5 Qf5+ 56. Kh6 Qf4+ 57. Kg6 Qg4+ 58. Kf7
Qf5+ 59. Qf6 Qh5+ 60. Kf8 Qh7 61. Qf4+ Kd7 62. Qf7+ Qxf7+ 63. Kxf7 d4 64. h5 d3
65. h6 d2 66. h7 d1=Q 67. h8=Q Qf3+ 68. Kg6 Qf5+ 69. Kg7 Qe5+ 70. Kg8 Qxh8+ 71.
Kxh8 e5 72. Kh7 e4 73. Kg6 e3 74. Kf5 e2 75. Kf4 e1=Q {White resigns} 0-1

[Event "Team 45 45 League T75"]
[Site "Internet Chess Club"]
[Date "2018.01.12"]
[Round "4"]
[White "rhayder"]
[Black "Ticktockman"]
[Result "0-1"]
[WhiteElo "1171"]
[BlackElo "1152"]
[Opening "Scandinavian (center counter) defense"]
[ECO "B01"]
[Time "13:07:24"]
[TimeControl "2700+45"]

1. e4 d5 2. exd5 Qxd5 3. Nc3 Qe5+ 4. Be2 Nf6 5. Nf3 Qd6 6. d3 g6 7. Nb5 Qb6 8.
c4 Bg7 9. Be3 c5 10. d4 Nbd7 11. dxc5 Nxc5 12. b4 Ng4 13. bxc5 Qa5+ 14. Bd2 Qd8
15. Rc1 a6 16. Nc3 O-O 17. Na4 Nf6 18. Nb6 Ra7 19. Nxc8 Qxc8 20. Bc3 Ne4 21.
Bxg7 Kxg7 22. Qd4+ Nf6 23. c6 Qb8 24. cxb7 Rxb7 25. O-O Rb2 26. Bd3 Rxa2 27. Rb1
Qd8 28. Qxd8 Rxd8 29. Rfd1 Ng4 30. Rd2 Rxd2 31. Nxd2 Rxd3 32. Nb3 Rc3 33. c5 Ne5
34. Kf1 Nd3 35. Ke2 Nxc5 36. Nxc5 Rxc5 37. Rb7 e6 38. Ke3 Rc3+ 39. Kd2 Ra3 40.
Ra7 Ra2+ 41. Ke3 a5 42. g3 a4 43. Kd3 Rxf2 44. Rxa4 Rxh2 45. Rh4 {White resigns}
0-1

[Event "Team 45 45 League T75"]
[Site "Internet Chess Club"]
[Date "2018.01.14"]
[Round "4"]
[White "guyd52"]
[Black "seattleblues"]
[Result "1/2-1/2"]
[WhiteElo "1307"]
[BlackElo "1365"]
[Opening "Réti opening"]
[ECO "A04"]
[Time "06:02:48"]
[TimeControl "2700+45"]

1. Nf3 c6 2. g3 d5 3. Bg2 Nf6 4. d3 Bf5 5. O-O e6 6. Nbd2 Bc5 7. h3 O-O 8. Re1
Qb6 9. e3 Nbd7 10. a3 Rad8 11. b4 Bd6 12. Bb2 Rfe8 13. e4 dxe4 14. dxe4 Bg6 15.
e5 Be7 16. exf6 Nxf6 17. Bd4 Rxd4 18. Nxd4 Qxd4 19. Nf3 Qb6 20. c4 Qc7 21. Nh4
Rd8 22. Qb3 Bd3 23. Re3 Bg6 24. Nxg6 hxg6 25. Rd1 Rc8 26. c5 Nh7 27. h4 Nf6 28.
Bh3 Nd5 29. Ree1 Bf6 30. Kg2 Kf8 31. Bg4 Re8 32. f4 Bc3 33. Re2 Bf6 34. Rh1 Nc3
35. Rd2 Ne4 36. Rd3 Nc3 37. Bf3 Nd5 38. Qd1 Rd8 {Game drawn by mutual agreement}
1/2-1/2

[Event "Team 45 45 League T75"]
[Site "Internet Chess Club"]
[Date "2018.01.15"]
[Round "4"]
[White "rkjulianjr"]
[Black "Aquaman"]
[Result "0-1"]
[WhiteElo "1290"]
[BlackElo "1251"]
[Opening "Kevitz-Trajkovich defense"]
[ECO "A50"]
[Time "20:01:40"]
[TimeControl "2700+45"]

1. d4 Nf6 2. c4 Nc6 3. Nc3 e5 4. d5 Ne7 5. h4 h5 6. Bg5 Ng6 7. e3 d6 8. Nf3 Be7
9. Be2 Nf8 10. Nd2 N8h7 11. Nde4 g6 12. Qc2 Nxg5 13. Nxg5 Bf5 14. Bd3 Bxd3 15.
Qxd3 Nd7 16. Nf3 Nf6 17. O-O-O Ng4 18. Ne4 f5 19. Rdf1 fxe4 20. Qxe4 Rg8 21. g3
Nf6 22. Qc2 Ng4 23. Qc3 Bf6 24. e4 Qe7 25. Nd2 O-O-O 26. f3 Nh6 27. Qe3 Bg7 28.
Qxa7 b6 29. Qa8+ Kd7 30. Qc6+ Kc8 31. Nb1 Kb8 32. Na3 Qd7 33. Qa4 Qxa4 {White
resigns} 0-1

[Event "Team 45 45 League T75"]
[Site "Internet Chess Club"]
[Date "2018.01.13"]
[Round "4"]
[White "GiantsFan"]
[Black "oldprez1"]
[Result "0-1"]
[WhiteElo "1110"]
[BlackElo "1260"]
[Opening "King's Indian defense, 3.Nc3"]
[ECO "E61"]
[Time "19:04:52"]
[TimeControl "2700+45"]

1. d4 Nf6 2. c4 g6 3. Nc3 Bg7 4. Nf3 O-O 5. Bg5 d6 6. e3 Nc6 7. Bd3 e5 8. O-O
Qe8 9. d5 Ne7 10. e4 Nd7 11. b4 f5 12. Nd2 f4 13. g3 fxg3 14. fxg3 Nf6 15. Rf2
Ng4 16. Rxf8+ Qxf8 17. Qf1 h6 18. Qxf8+ Bxf8 19. Bxe7 Bxe7 20. h3 Nf6 21. g4 a6
22. a4 Bd7 23. Nf3 Nh7 24. Kh2 h5 25. gxh5 gxh5 26. Be2 Rf8 27. Rg1+ Kh8 28. a5
h4 29. Rf1 b6 30. axb6 cxb6 31. Ra1 Ng5 32. Nxg5 Bxg5 33. Rxa6 Rf2+ 34. Kh1 Bxh3
35. Rxb6 Bg2+ 36. Kg1 Be3 37. Rb8+ Kg7 38. Rb7+ Kf6 39. Nd1 Rxe2+ 40. Kh2 Bxe4+
41. Kh3 Bg2+ 42. Kxh4 Bg5+ 43. Kg4 Re4+ 44. Kg3 Bf1 45. Rh7 Bxc4 46. Nf2 Re3+
47. Kg2 Bxd5+ 48. Kf1 Rf3 49. Ke2 e4 50. Ng4+ Kg6 51. Rd7 Kh5 52. Rxd6 Bc4+ 53.
Ke1 Kxg4 54. Rd4 Bd3 55. b5 Bh4+ 56. Kd2 Rf2+ 57. Ke3 Rf3+ 58. Kd2 Bf2 59. Rb4
Be3+ 60. Kc3 Rf5 61. b6 Bxb6 62. Rxb6 Kf3 63. Rb2 Rc5+ 64. Kd4 Rc2 65. Rb3 Rd2
66. Rc3 e3 67. Rc1 e2 68. Re1 Rd1 69. Rxd1 exd1=Q 70. Ke5 Bf1 71. Kf5 Qd4 72.
Ke6 Kf4 73. Ke7 Ke5 74. Kf7 Qd6 75. Kg7 Kf5 76. Kf7 Qd7+ 77. Kg8 Kf6 78. Kf8
Qf7# {White checkmated} 0-1

[Event "Team 45 45 League T75"]
[Site "Internet Chess Club"]
[Date "2018.01.12"]
[Round "4"]
[White "pita"]
[Black "RobertBuice"]
[Result "1-0"]
[WhiteElo "1099"]
[BlackElo "1029"]
[Opening "Two knights defense"]
[ECO "C57"]
[Time "10:40:26"]
[TimeControl "2700+45"]

1. e4 e5 2. Nf3 Nc6 3. Bc4 Nf6 4. Ng5 d5 5. exd5 Nxd5 6. Qh5 g6 7. Qf3 f5 8.
Bxd5 Qxg5 9. Bxc6+ Bd7 10. Bxd7+ Kxd7 11. Qxb7 Re8 12. O-O e4 13. Qxa7 Bd6 14.
Qa4+ c6 15. Qa7+ Kd8 16. d4 h5 17. Bxg5+ Be7 18. Bxe7+ Rxe7 19. Qb8+ Kd7 20.
Qxh8 g5 21. Qxh5 e3 22. fxe3 Rxe3 23. Qxg5 Kd6 24. Qxe3 {Black resigns} 1-0

[Event "Team 45 45 League T75"]
[Site "Internet Chess Club"]
[Date "2018.01.12"]
[Round "4"]
[White "mongmong"]
[Black "Andaluz"]
[Result "1-0"]
[WhiteElo "1439"]
[BlackElo "1273"]
[Opening "Queen's pawn game"]
[ECO "A46"]
[Time "05:02:18"]
[TimeControl "2700+45"]

1. d4 Nf6 2. Nf3 c6 3. e3 d5 4. Bd3 Nbd7 5. Nbd2 e6 6. O-O Bd6 7. c3 O-O 8. e4
dxe4 9. Nxe4 Nxe4 10. Bxe4 Nf6 11. Bg5 Be7 12. Bc2 Nd5 13. Bxe7 Qxe7 14. Qd3 g6
15. Rfe1 Qf6 16. Qe4 Rd8 17. Qe5 Qxe5 18. Nxe5 Kg7 19. g3 Nf6 20. Re3 Nd7 21.
Bb3 Nxe5 22. Rxe5 Rd6 23. Rae1 Bd7 24. f4 Re8 25. Kf2 f6 26. R5e3 Kf8 27. Kf3
Kg7 28. g4 Kf8 29. h3 h6 30. Bc2 Kg7 31. f5 g5 32. Bb3 Kf7 33. fxe6+ Bxe6 34.
Rxe6 Rexe6 35. Rxe6 Rxe6 36. Bxe6+ Kxe6 37. Ke4 b6 38. c4 a6 39. d5+ cxd5+ 40.
cxd5+ Kd6 41. Kf5 Kxd5 42. Kxf6 Ke4 43. Kg6 Kf4 44. Kxh6 b5 45. b4 Kg3 46. Kxg5
Kxh3 47. Kf5 Kh4 48. g5 Kh5 49. Kf6 {Black resigns} 1-0

[Event "Team 45 45 League T75"]
[Site "Internet Chess Club"]
[Date "2018.01.13"]
[Round "4"]
[White "olivermx"]
[Black "Toalla"]
[Result "1-0"]
[WhiteElo "1282"]
[BlackElo "1113"]
[Opening "Sicilian"]
[ECO "B50"]
[Time "13:13:15"]
[TimeControl "2700+45"]

1. e4 c5 2. Nf3 d6 3. Bc4 Nf6 4. d3 Nc6 5. O-O g6 6. Be3 Bg7 7. h3 O-O 8. Nc3
Na5 9. Bb3 Nxb3 10. axb3 b6 11. Qd2 Ne8 12. Bh6 f5 13. exf5 Bxf5 14. Bxg7 Nxg7
15. Qh6 e5 16. Ng5 {Black resigns} 1-0

[Event "Team 45 45 League T75"]
[Site "Internet Chess Club"]
[Date "2018.01.14"]
[Round "4"]
[White "tasawyer81"]
[Black "SeniorCitizen"]
[Result "1-0"]
[WhiteElo "1146"]
[BlackElo "1291"]
[Opening "Queen's pawn, Mason variation"]
[ECO "D00"]
[Time "14:00:33"]
[TimeControl "2700+45"]

1. d4 d5 2. Bf4 Bf5 3. e3 Nf6 4. h3 e6 5. c3 Nbd7 6. Bd3 Bxd3 7. Qxd3 g6 8. Nf3
Bg7 9. g4 c6 10. Ne5 Nxe5 11. dxe5 Nd7 12. Nd2 Nxe5 13. Bxe5 Bxe5 14. O-O-O O-O
15. f4 Bd6 16. Nf3 Qa5 17. a3 Qb5 18. Qxb5 cxb5 19. Nd4 a6 20. f5 e5 21. Nf3 d4
22. exd4 exd4 23. Rxd4 Bc5 24. Rd7 b6 25. b4 Be3+ 26. Kc2 Rfe8 27. h4 Kf8 28.
Ng5 Bxg5 29. hxg5 Kg7 30. f6+ Kg8 31. Kb3 Re5 32. Rhd1 Ree8 33. R1d6 Rab8 34. a4
Kf8 35. Ra7 Red8 36. Rxd8+ Rxd8 37. Rxa6 Rb8 38. axb5 Ke8 39. Ra7 Kf8 40. c4 Ke8
41. Re7+ Kf8 42. c5 bxc5 43. bxc5 Rxb5+ 44. Kc4 Rb8 45. c6 {Black resigns} 1-0

[Event "Team 45 45 League T75"]
[Site "Internet Chess Club"]
[Date "2018.01.13"]
[Round "4"]
[White "oldbookseller"]
[Black "WzeroMN"]
[Result "0-1"]
[WhiteElo "1035"]
[BlackElo "1192"]
[Opening "Queen's pawn game"]
[ECO "D05"]
[Time "13:01:03"]
[TimeControl "2700+45"]

1. d4 Nf6 2. Nf3 e6 3. e3 d5 4. Bd3 Bb4+ 5. c3 Be7 6. O-O O-O 7. Nbd2 b6 8. e4
Ba6 9. Qc2 Bxd3 10. Qxd3 dxe4 11. Nxe4 c5 12. Nfg5 Nbd7 13. Bf4 Nxe4 14. Nxe4
Nf6 15. Ng5 g6 16. Qh3 Nh5 17. Qg4 Nxf4 18. Qxf4 Bxg5 19. Qe5 Bf6 20. Qe3 cxd4
21. cxd4 Bxd4 22. Qh3 Bxb2 23. Rae1 Qe7 24. Qh6 Bg7 25. Qf4 Rad8 26. Re3 Rd5 27.
Rfe1 e5 28. Qe4 Rfd8 29. f4 f6 30. f5 gxf5 31. Qxf5 Re8 32. Rh3 h6 33. Rg3 Qf7
34. Rf3 e4 {White resigns} 0-1